 Dungeon Crawl Stone Soup version 0.29-a0-923-g6e406bff71 (webtiles) character file.

Game seed: 18251572231037721959

926 Plasmagod the Covered (level 7, 0/61 HPs)
             Began as a Minotaur Fighter on July 28, 2022.
             Was a Follower of Qazlal.
             Killed by an exploding orc (33 damage)
             ... ignited by their inner flame
             ... on level 5 of the Dungeon.
             The game lasted 00:09:35 (5058 turns).

Plasmagod the Covered (Minotaur Fighter)            Turns: 5058, Time: 00:09:35

Health: 0/61       AC: 12    Str: 23    XL:     7   Next: 85%
Magic:  2/2        EV:  8    Int:  5    God:    Qazlal [*.....]
Gold:   240        SH:  7    Dex: 15    Spells: 6/6 levels left

rFire   . . .      SeeInvis .   D - +1 demon blade (antimagic)
rCold   . . .      Faith    .   c - +0 buckler
rNeg    . . .      Spirit   .   f - +0 chain mail
rPois   .          Reflect  .   (helmet restricted)
rElec   .          Harm     .   (no cloak)
rCorr   .          Rampage  .   (no gloves)
Will    .....                   y - +1 pair of boots
Stlth   ..........              (no amulet)
HPRegen 0.20/turn               E - +6 ring of dexterity
MPRegen 0.08/turn               (no ring)

@: weak-willed
A: horns 2, retaliatory headbutt
a: Renounce Religion


You were on level 5 of the Dungeon.
You worshipped Qazlal.
Qazlal was aware of your devotion.
You visited 1 branch of the dungeon, and saw 5 of its levels.

You collected 240 gold pieces.

Inventory:

Hand Weapons
 a - a +0 rapier
 u - a +3 hand axe
 D - a +1 antimagic demon blade (weapon)
Missiles
 s - 6 atropa-tipped darts (quivered)
Armour
 c - a +0 buckler (worn)
 f - a +0 chain mail (worn)
 y - a +1 pair of boots (worn)
Jewellery
 E - a +6 ring of dexterity (left hand)
Wands
 F - a wand of flame (16)
Scrolls
 e - 3 scrolls of teleportation
 i - a scroll of identify
 l - a scroll of vulnerability
 n - a scroll of blinking
 p - a scroll of enchant armour
 t - a scroll of noise
 C - 2 scrolls of immolation
Potions
 b - 4 potions of curing
 d - 2 potions of might
 h - 3 potions of haste
 k - 2 potions of heal wounds
 o - a potion of cancellation
 q - a potion of attraction
 v - 2 potions of lignification
 x - 2 potions of brilliance
 z - a potion of magic {unknown}
 B - a potion of flight {unknown}


   Skills:
 + Level 5.3 Fighting
 + Level 4.4(4.6) Short Blades
 + Level 2.1(3.8) Long Blades
 + Level 3.8 Axes
 + Level 6.2 Armour
 + Level 1.5 Dodging
 + Level 1.0 Stealth
 + Level 4.8 Shields
 * Level 2.8 Invocations


You had 6 spell levels left.
You didn't know any spells.
Your spell library contained the following spells:

 Spells                   Type           Power      Damage    Failure   Level
 Summon Small Mammal      Summ           0%         N/A       99%         1
 Sublimation of Blood     Necr           0%         N/A       100%        2
 Wereblood                Tmut           0%         N/A       100%        2
 Call Canine Familiar     Summ           0%         N/A       100%        3
 Confusing Touch          Hex            0%         N/A       100%        3
 Summon Guardian Golem    Hex/Summ       0%         N/A       100%        3
 Yara's Violent Unravell  Hex/Tmut       0%         3d3       100%        5
 Enfeeble                 Hex            0%         N/A       100%        7
 Summon Hydra             Summ           0%         N/A       100%        7


Dungeon Overview and Level Annotations

Branches:
Dungeon (5/15)             Temple (0/1) D:5

Altars:
Cheibriados
Gozag
Makhleb
Okawaru
Qazlal
Vehumet
Xom

Annotations:
D:5 2 runed translucent doors


Innate Abilities, Weirdness & Mutations

You have a pair of horns on your head.
You reflexively headbutt those who attack you in melee.


Message History

You drop 2 potions of degeneration.
As you read the scroll of identify, it crumbles to dust.
v - 2 potions of lignification
As you read the scroll of identify, it crumbles to dust.
x - 2 potions of brilliance
As you read the scroll of identify, it crumbles to dust.
o - a potion of cancellation
As you read the scroll of identify, it crumbles to dust.
q - a potion of attraction
As you read the scroll labelled DUWERIUCUR, it crumbles to dust.
You feel momentarily disoriented.
It was a scroll of magic mapping.
As you read the scroll labelled LILYPSE IMEG, it crumbles to dust.
Magic quickly surges around you.
It was a scroll of vulnerability.
Blink to where?
Press: ? - help, Dir - move target
As you read the scroll labelled LATSEUH ZEKK, it crumbles to dust.
It was a scroll of blinking.
As you read the scroll labelled OLEXUOPIDD, it crumbles to dust.
It is a scroll of enchant armour.
Your +0 pair of boots glows green for a moment.
As you read the scroll labelled DEUJAF XAOLLURCHER, it crumbles to dust.
You hear a loud clanging noise!
It was a scroll of noise.
As you read the scroll labelled YPUCAP YSTAGG, it crumbles to dust.
Your body is wracked with pain!
It was a scroll of torment.
As you read the scroll labelled CAAKHIOTAT, it crumbles to dust.
Wisps of shadow whirl around you...
It was a scroll of summoning.
As you read the scroll labelled LOMEAC SALLE, it crumbles to dust.
You assume a fearsome visage.
Nothing appears to happen.
It was a scroll of fear.
As you read the scroll labelled PUANUED WOFAS, it crumbles to dust.
The creatures around you are filled with an inner flame!
It was a scroll of immolation.
Your orc is engulfed in freezing vapours.
Your orc's corpse dissolves into shadows!
Your orc explodes!
You hear a sizzling sound!
The fiery explosion engulfs you!!
Ouch! That really hurt!
You die...

#....###########.############
#....# #..# ######... #....#
#..###.......# #....#
#...##..)....# #....#
#.#.##......)# #....#
#########.#.##.......# #....#
#....oo...#..#........ #....#
#.....°.............#. #....#
#...o@oo.###..##......
########...Sl...# ##.##......
#........§§§.# #.##......
#............# #.##......
#............# #.##......
#..........).# #.########
#............# #..# #.(.
#............# ##.## #...
#...[........# #..# #...


You could see a friendly iguana (summoned, inner flame), 2 friendly orc wizards,
a friendly adder (summoned, inner flame) and 3 friendly orcs.

Vanquished Creatures
  The ghost of bonfidx the Vexing, an amateur SpEn (D:3)
  2 ogres
  3 scorpions (D:5)
  A howler monkey (D:5)
  A jelly (D:5)
  2 hounds
  6 gnolls (D:4)
  14 adders
  A dart slug (D:5)
  14 orcs
  5 bats
  7 endoplasms
  5 giant cockroaches (D:1)
  15 goblins
  16 hobgoblins
  13 kobolds
  5 quokkas
  5 ball pythons
  2 frilled lizards
  5 rats
123 creatures vanquished.

Vanquished Creatures (others)
  4 plants
4 creatures vanquished.

Grand Total: 127 creatures vanquished

Notes
Turn   | Place    | Note
-------+----------+-------------------------------------------
     0 | D:1      | Plasmagod the Minotaur Fighter began the quest for the Orb.
     0 | D:1      | Reached XP level 1. HP: 19/19 MP: 0/0
   313 | D:1      | Reached XP level 2. HP: 27/27 MP: 1/1
   376 | D:1      | Reached skill level 4 in Armour
  1139 | D:2      | Reached XP level 3. HP: 31/33 MP: 2/2
  1650 | D:2      | Reached XP level 4. HP: 32/40 MP: 3/3
  2372 | D:3      | Found a runed translucent door.
  2377 | D:3      | Noticed bonfidx's ghost (amateur SpEn)
  2400 | D:3      | Killed bonfidx's ghost
  2401 | D:3      | Reached skill level 5 in Armour
  2401 | D:3      | Reached XP level 5. HP: 43/47 MP: 4/4
  2449 | D:3      | Reached XP level 6. HP: 52/53 MP: 5/5
  2505 | D:3      | Found an opulent altar of Gozag.
  2623 | D:3      | Reached skill level 1 in Stealth
  2886 | D:3      | Found a faded altar of an unknown god.
  3388 | D:4      | Found a stormy altar of Qazlal.
  3403 | D:4      | Became a worshipper of Qazlal Stormbringer
  3497 | D:4      | Reached skill level 1 in Dodging
  3590 | D:4      | Reached skill level 1 in Axes
  3590 | D:4      | Reached skill level 1 in Invocations
  3746 | D:4      | Reached * piety under Qazlal
  3842 | D:4      | Reached XP level 7. HP: 60/60 MP: 7/7
  3970 | D:4      | Found a radiant altar of Vehumet.
  4005 | D:4      | Reached skill level 5 in Fighting
  4084 | D:5      | Entered Level 5 of the Dungeon
  4094 | D:5      | Found a staircase to the Ecumenical Temple.
  4262 | D:5      | Reached skill level 1 in Long Blades
  4262 | D:5      | Reached skill level 6 in Armour
  4364 | D:5      | Found a runed translucent door.
  4366 | D:5      | Found a runed translucent door.
  4434 | D:5      | Identified the +1 ring mail of the Good {rC+ Regen+ SInv}
  4471 | D:5      | Found an ornate altar of the Wu Jian Council.
  4473 | D:5      | Found a burning altar of Makhleb.
  4473 | D:5      | Found an iron altar of Okawaru.
  4475 | D:5      | Found a shimmering altar of Xom.
  4475 | D:5      | Found a shimmering altar of Xom.
  4475 | D:5      | Found a snail-covered altar of Cheibriados.
  4543 | D:5      | Reached ** piety under Qazlal
  5058 | D:5      | Killed by an exploding orc... ignited by their inner flame

Illustrated notes

Levels and vault maps discovered:
D:1:      reono_arrival_forest_river, layout_basic, nicolae_hexahallways,
          minmay_hedge_maze
D:2:      layout_loops_ring, minmay_misc_feat_alley, corexii_shack,
          minmay_snake_closets
D:3:      layout_rooms, mainiacjoe_overflow_alcove_4,
          ebering_ghost_reflecting_pool, nicolae_ecumenical_oubliette,
          serial_bayou_crossing
D:4:      corexii_shantytown, layout_rooms, nicolae_qazlal_scattered_showers,
          old_standard_altar, nicolae_zen_rock_garden
D:5:      lemuel_insect_pit, layout_basic, doesnt_xom_only_xom,
          minmay_temple_entry_stoned_glass

Skill      XL: |  1  2  3  4  5  6  7 |
---------------+----------------------+-----
Armour         | 4 5 6 |  6.2
Shields        | 4 |  4.8
Fighting       | 4 5 |  5.3
Short Blades   | 4 |  4.4
Stealth        | 1 |  1.0
Dodging        | 1 |  1.5
Axes           | 2 3 |  3.8
Invocations    | 1 2 |  2.8
Long Blades    | 2 |  2.1

Action                   |  1- 3 |  4- 6 |  7- 9 || total
-------------------------+-------+-------+-------++-------
Melee: Rapier            |    89 |   125 |       ||   214
       Headbutt          |     5 |    24 |    10 ||    39
       Hand axe          |       |    97 |    14 ||   111
       Demon blade       |       |       |    46 ||    46
  Use: Scroll            |       |       |    19 ||    19
Armor: Scale mail        |    10 |       |       ||    10
       Chain mail        |    41 |   120 |    28 ||   189
Dodge: Dodged            |    35 |    71 |    17 ||   123
Block: Buckler           |    24 |    41 |    13 ||    78

Table legend: (Time is in decaauts)
 A = Elapsed time spent in this place.
 B = Non-inter-level travel time spent in this place.
 C = Inter-level travel time spent in this place.
 D = Time resting spent in this place.
 E = Time spent auto-exploring this place.
 F = Levels seen in this place.
 G = Mean time per level.
                   A        B        C        D        E       F      G
               +--------+--------+--------+--------+--------+-----+--------+
         Total |   5132 |   5043 |     89 |      0 |   4217 |   5 | 1026.4 |
       Dungeon |   5132 |   5043 |     89 |      0 |   4217 |   5 | 1026.4 |
               +--------+--------+--------+--------+--------+-----+--------+

Top non-repeatable levels by time:
     D:2: 1243 daAuts
     D:1: 1141 daAuts
     D:5: 981 daAuts
     D:3: 906 daAuts
     D:4: 860 daAuts
